 Dungeon Crawl Stone Soup version 0.24-a0-25-g8489be9 (webtiles) character file.

Game seed: 6174797632924797421

1924 Dantiko the Ruffian (level 8, -15/70 HPs)
             Began as a Troll Gladiator on Feb 2, 2019.
             Was a Believer of Trog.
             Demolished by Harold
             ... wielding a +0 dire flail
              (28 damage)
             ... on level 7 of the Dungeon.
             The game lasted 00:16:32 (4676 turns).

Dantiko the Ruffian (Troll Gladiator)               Turns: 4676, Time: 00:16:33

Health: -15/70     AC:  7    Str: 23    XL:     8   Next: 96%
Magic:  7/7        EV: 10    Int:  4    God:    Trog [**....]
Gold:   349        SH: 15    Dex: 13    Spells: 7/7 levels left

rFire    . . .     SeeInvis .     - Unarmed
rCold    . . .     Gourm    +   f - +0 large shield
rNeg     . . .     Faith    .   a - +0 robe
rPois    .         Spirit   .   b - +0 hat
rElec    .         Reflect  .   (no cloak)
rCorr    .         Harm     .   (gloves unavailable)
MR       ++...                  (boots unavailable)
Stlth    +.........             j - amulet of regeneration
HPRegen  2.01/turn              e - +1 ring of protection
MPRegen  0.10/turn              k - ring of flight

@: marked, regenerating
A: large, unfitting armour, claws 3, fast metabolism 3, gourmand, regeneration
1, shaggy fur 1, tough skin 3
a: Berserk, Trog's Hand, Renounce Religion, Evoke Flight


You were on level 7 of the Dungeon.
You worshipped Trog.
Trog was pleased with you.
You were completely stuffed.

You visited 2 branches of the dungeon, and saw 8 of its levels.

You collected 349 gold pieces.

Inventory:

Missiles
 c - 4 throwing nets
 g - 127 stones (quivered)
 l - 7 needles of confusion
 t - 11 poisoned needles
Armour
 a - a +0 robe (worn)
 b - a +0 hat (worn)
 f - a +0 large shield (worn)
Jewellery
 e - a +1 ring of protection (left claw)
 j - an amulet of regeneration (around neck)
 k - a ring of flight (right claw)
 m - an uncursed ring of fire
 q - an uncursed ring of wizardry {unknown}
 r - a +5 amulet of reflection {unknown}
 w - an uncursed amulet of harm {unknown}
Scrolls
 h - 4 scrolls of remove curse
 i - 4 scrolls of teleportation
 u - a scroll of fog
Potions
 n - a potion of flight {unknown}
 p - a potion of invisibility {unknown}
 s - a potion of brilliance {unknown}
 v - a potion of ambrosia {unknown}
Comestibles
 d - 16 rations
 o - 2 chunks of flesh


   Skills:
 - Level 1.5 Fighting
 - Level 1.7 Throwing
 - Level 6.4 Dodging
 - Level 5.0 Shields
 * Level 7.4 Unarmed Combat


You had 7 spell levels left.
You didn't know any spells.
Your spell library was empty.

Dungeon Overview and Level Annotations

Branches:
Dungeon (7/15)             Temple (1/1) D:4

Altars:
Ashenzari
Cheibriados
Dithmenos
Elyvilon
Fedhas
Gozag
Hepliaklqana
Makhleb
Nemelex Xobeh
Okawaru
Qazlal
Ru
Trog
Uskayaw
Wu Jian
Xom
Yredelemnul
The Shining One

Annotations:
D:7 Harold


Innate Abilities, Weirdness & Mutations

You are too large for most types of armour.
You have claws for hands.
Your metabolism is lightning-fast.
You like to eat raw meat.
Your natural rate of healing is unusually fast.
You are covered in fur. (AC +1)
You have extremely tough skin. (AC +3)


Message History

Harold is lightly wounded.
Harold zaps a wand.
You resist with some effort.
Your skin crawls.
You feel resistant to hostile enchantments.
You feel somewhat less full. You block Harold's attack.
You barely miss Harold.
Harold is lightly wounded.
You block Harold's attack.
You claw Harold!
Harold is moderately wounded.
You block Harold's attack.
You claw Harold!
Harold is moderately wounded.
You claw Harold!
Harold is heavily wounded.
Harold zaps a wand.
You resist with almost no effort.
You scratch Harold but do no damage.
Harold is heavily wounded.
Harold hits you with a +0 dire flail!!
You die...

##.P...##.....#....#
#.P...........#....#
..PP........).#..... #
..............#....≈ #.
.PP...........)...≈≈ ..
##.....(.....#...≈≈ #.
##...##...###..≈≈≈
#..#..##...##..<# #+#≈≈≈
......@@........#...≈≈≈≈
...........$....#...≈≈≈≈
................#...≈≈≈≈
..###......##...#..≈≈≈≈≈
. #......##...# #≈≈≈≈≈
........# ##≈≈≈≈#
.........# #.≈≈≈≈#
..........# #.≈≈≈≈#
..........# #.≈≈≈≈.


You could see Harold.

Vanquished Creatures
  Prince Ribbit (D:6)
  Menkaure (D:7)
  2 sky beasts
  A black bear (D:6)
  3 ogres
  A centaur (D:7)
  A bullfrog (D:6)
  A scorpion (D:5)
  2 howler monkeys
  2 crimson imps (D:7)
  A bullfrog zombie (D:6)
  A centaur zombie (D:6)
  5 hounds
  An orc priest (D:4)
  A centaur skeleton (D:6)
  A jelly (D:5)
  3 orc wizards (D:4)
  A bullfrog skeleton (D:6)
  An iguana (D:6)
  A worker ant (D:6)
  A killer bee zombie (D:6)
  4 hound zombies (D:6)
  Robin (D:4)
  4 gnolls (D:6)
  4 adders
  A howler monkey skeleton (D:6)
  2 adder skeletons
  A worm (D:2)
  4 dart slugs
  5 leopard geckos
  15 orcs
  2 giant cockroaches
  14 goblins
  13 hobgoblins
  10 jackals
  7 kobolds
  3 quokkas
  A ball python (D:1)
  7 bats
  6 frilled lizards
  3 leopard gecko skeletons
  A quokka skeleton (D:6)
  12 rats
152 creatures vanquished.

Notes
Turn   | Place    | Note
-------+----------+-------------------------------------------
     0 | D:1      | Dantiko the Troll Gladiator began the quest for the Orb.
     0 | D:1      | Reached XP level 1. HP: 19/19 MP: 0/0
   312 | D:1      | Reached XP level 2. HP: 27/27 MP: 1/1
   470 | D:1      | Reached skill level 4 in Unarmed Combat
   717 | D:2      | Found a faded altar of an unknown god.
   783 | D:2      | Reached XP level 3. HP: 31/33 MP: 2/2
   943 | D:2      | Found a blossoming altar of Fedhas.
  1874 | D:3      | Reached skill level 5 in Unarmed Combat
  1874 | D:3      | Reached XP level 4. HP: 30/41 MP: 3/3
  1987 | D:3      | Reached skill level 1 in Shields
  2325 | D:4      | Found a staircase to the Ecumenical Temple.
  2359 | D:4      | Noticed Robin
  2382 | Temple   | Entered the Ecumenical Temple
  2445 | Temple   | Became a worshipper of Trog the Wrathful
  2489 | D:4      | Killed Robin
  2489 | D:4      | Reached XP level 5. HP: 48/48 MP: 4/4
  2519 | D:4      | Found an opulent altar of Gozag.
  2552 | D:4      | Noticed an ogre
  2557 | D:4      | Killed an ogre
  2596 | D:4      | Reached XP level 6. HP: 55/55 MP: 5/5
  2688 | D:4      | Reached * piety under Trog
  2794 | D:4      | Reached skill level 5 in Shields
  2794 | D:4      | Reached XP level 7. HP: 35/62 MP: 6/6
  3243 | D:5      | Entered Level 5 of the Dungeon
  3543 | D:6      | Reached ** piety under Trog
  3622 | D:6      | Found a shadowy altar of Dithmenos.
  3632 | D:6      | Found a stormy altar of Qazlal.
  3641 | D:6      | Found a white marble altar of Elyvilon.
  3670 | D:6      | Noticed Prince Ribbit
  3691 | D:6      | Killed Prince Ribbit
  3691 | D:6      | Reached skill level 5 in Dodging
  3691 | D:6      | Reached XP level 8. HP: 68/70 MP: 7/7
  4346 | D:7      | Reached skill level 6 in Unarmed Combat
  4470 | D:7      | Reached skill level 7 in Unarmed Combat
  4497 | D:7      | Noticed Menkaure
  4507 | D:7      | Killed Menkaure
  4552 | D:7      | Found an iron altar of Okawaru.
  4655 | D:7      | Noticed Harold
  4669 | D:7      | HP: 1/70 [Harold/+0 dire flail (18)]
  4676 | D:7      | Demolished by Harold

Vault maps used:
D:1:      shiori_shiawase, minmay_distorted
D:2:      marbit_many_paths, chequers_ecumenical_altar_island
D:3:      first_ration, minmay_quantized
D:4:      minmay_chambers_of_threes, grunt_gozag_statues, temple_pool_b,
          uniq_robin
D:5:      overflow_temple_1_default, serial_glass, glass_columns_b,
          glass_columns_b, glass_columns_b, glass_columns_b, feat_on_display
D:6:      grunt_dithmenos_smoke_and_mirrors, nicolae_qazlal_general_emergency,
          nicolae_overflow_hidden_temple, serial_undead, serial_undead_c,
          serial_undead_e, serial_undead_c, serial_undead_a, serial_undead_d,
          serial_undead_a, serial_undead_c, minivault_27, serial_bayou_crossing,
          uniq_prince_ribbit1
D:7:      wander_river, kennysheep_okawaru_gauntlet, kiku_gazebo_garden_becter,
          uniq_menkaure, uniq_harold
Temple:   nicolae_temple_no_exploring_needed

Skill      XL: |  1  2  3  4  5  6  7  8 |
---------------+-------------------------+-----
Unarmed Combat | 4 5 7 |  7.4
Shields        | 2 3 5 |  5.0
Dodging        | 5 6 |  6.4
Fighting       | |  1.5
Throwing       | |  1.7

Action                   |  1- 3 |  4- 6 |  7- 9 || total
-------------------------+-------+-------+-------++-------
Melee: Unarmed           |   108 |   158 |   232 ||   498
Throw: Stone             |       |       |     6 ||     6
Invok: Berserk           |       |       |     1 ||     1
       Trog's Hand       |       |       |     1 ||     1
  Use: Scroll            |     3 |     2 |     3 ||     8
 Stab: Sleeping          |     2 |     2 |       ||     4
  Eat: Chunk             |    23 |     8 |    20 ||    51
Armor: Robe              |    39 |    41 |    47 ||   127
Dodge: Dodged            |    16 |    20 |    73 ||   109
Block: Large shield      |    51 |   105 |   189 ||   345

Table legend:
 A = Non-vault XP
 B = Vault XP
 C = Vault XP percentage of total XP
 D = Non-vault monster count
 E = Vault monster count
 F = Vault count percentage of total count
                 A         B        C        D         E       F
            +---------+---------+-------+---------+---------+-------
      Total |    1919 |     830 |  30.2 |     113 |      39 |  25.7
            +---------+---------+-------+---------+---------+-------
        D:1 |      26 |       5 |  16.1 |      13 |       3 |  18.8
        D:2 |      54 |       1 |   1.8 |      28 |       1 |   3.4
        D:3 |      71 |       8 |  10.1 |      12 |       3 |  20.0
        D:4 |     459 |     119 |  20.6 |      19 |      18 |  48.6
        D:5 |     294 |       0 |   0.0 |       5 |       0 |   0.0
        D:6 |     610 |     521 |  46.1 |      21 |      11 |  34.4
        D:7 |     405 |     176 |  30.3 |      15 |       3 |  16.7
            +---------+---------+-------+---------+---------+-------
